 Dungeon Crawl Stone Soup version 0.30.1-3-gfc49f6343a (webtiles) character file.

Game seed: 6133998191418299636

321 Cheops the Ruffian (level 6, 0/59 HPs)
             Began as a Troll Fighter on July 25, 2023.
             Slain by Sigmund
             ... wielding a +0 scythe
              (4 damage)
             ... on level 4 of the Dungeon.
             The game lasted 00:08:05 (2627 turns).

Cheops the Ruffian (Troll Fighter)                  Turns: 2627, Time: 00:08:05

Health: 0/59       AC:  6    Str: 25    XL:     6   Next: 22%
Magic:  5/5        EV:  8    Int:  6    God:
Gold:   134        SH:  7    Dex:  9    Spells: 5/5 levels left

rFire   . .          .
                       - Unarmed
rCold   . . .        b - +0 kite shield
rNeg    . . .        a - +0 robe
rPois   .            (helmet restricted)
rElec   .            m - +1 cloak
rCorr   .            (gloves unavailable)
SInv    .            (boots unavailable)
Will    .....        (no amulet)
Stlth   +            (no ring)
HPRegen 1.09/turn    (no ring)
MPRegen 0.09/turn

%: no passive effects
@: mighty
A: large, unfitting armour, claws 3, regeneration 1, shaggy fur 1, tough skin 1
a: no special abilities


You were on level 4 of the Dungeon.
You visited 1 branch of the dungeon, and saw 4 of its levels.

You collected 134 gold pieces.

Inventory:

Armour
 a - a +0 robe (worn)
 b - a +0 kite shield (worn)
 m - a +1 cloak (worn)
Magical Staves
 s - a staff of poison
Scrolls
 f - a scroll of enchant weapon
 j - a scroll of poison {unknown}
 k - a scroll of amnesia
 n - a scroll of butterflies {unknown}
 p - a scroll of immolation {unknown}
 q - a scroll of noise {unknown}
Potions
 d - 2 potions of mutation {unknown}
 e - 3 potions of heal wounds {unknown}
 g - a potion of resistance {unknown}
 h - 3 potions of magic {unknown}
 i - 2 potions of degeneration {unknown}
 l - a potion of curing {unknown}
 o - a potion of brilliance {unknown}
 r - a potion of flight {unknown}


   Skills:
 - Level 2.5 Fighting
 - Level 2.5 Dodging
 - Level 2.8 Shields
 + Level 6.4 Unarmed Combat


You had 5 spell levels left.
You didn't know any spells.
Your spell library was empty.

Dungeon Overview and Level Annotations

Branches:
Dungeon (4/15)
 Temple: D:4-7

Altars:
Gozag

Shops:
D:1 !   D:2 *(

Annotations:
D:4 Robin, Sigmund


Innate Abilities, Weirdness & Mutations

You are too large for most types of armour.
You have claws for hands.
Your natural rate of healing is unusually fast.
You are covered in fur. (AC +1)
You have tough skin. (AC +1)


Message History

You mangle the endoplasm!!
You kill the endoplasm!
The orc hits you but does no damage.
You're too confused to move!
Something hits you.
* * * LOW HITPOINT WARNING * * *
The orc barely misses you. The orc hits you with a +0 club.
* * * LOW HITPOINT WARNING * * *
You closely miss the orc. The orc hits you but does no damage.
The orc misses you. Something hits you.
* * * LOW HITPOINT WARNING * * *
You miss the orc. The orc barely misses you.
The orc hits you but does no damage. The orc attacks as you move away!
The orc barely misses you.
You claw the orc!
You kill the orc!
The orc barely misses you.
You bump into the rock wall.
Something hits you.
* * * LOW HITPOINT WARNING * * *
The orc hits you with a +0 short sword.
* * * LOW HITPOINT WARNING * * *
You barely miss the orc.
You feel less confused. Something hits you but does no damage.
The orc hits you with a +0 short sword.
* * * LOW HITPOINT WARNING * * *
You claw the orc!
You kill the orc!
Something hits you.
* * * LOW HITPOINT WARNING * * *
You claw something! You miss something.
You hear some strange, mumbled words.
A magic dart appears from out of thin air!
The magic dart hits you.
* * * LOW HITPOINT WARNING * * *
You claw something! Something hits you!
* * * LOW HITPOINT WARNING * * *
You miss something. You miss something. You block something's attack.
You barely miss something. Something hits you.
You die...

####### ......) .......
.# ....... ....
.......########.....
..........))).......
........#.@{).......
..........####......
........#...# #.....
........###...#.....
########..##
#...........#
..........#
#.........#.
..........# #..........
..........###.........#
.#
#.................#...
.#


There were no monsters in sight!

Vanquished Creatures
  An ogre (D:4)
  Terence (D:2)
  An orc wizard (D:4)
  3 gnolls
  7 adders
  A dart slug (D:3)
  9 orcs (D:4)
  14 endoplasms
  3 giant cockroaches
  11 goblins
  9 hobgoblins
  3 quokkas
  7 ball pythons
  6 bats
  7 frilled lizards
  4 kobolds
  8 rats
95 creatures vanquished.

Notes
Turn   | Place    | Note
-------+----------+-------------------------------------------
     0 | D:1      | Cheops the Troll Fighter began the quest for the Orb.
     0 | D:1      | Reached XP level 1. HP: 22/22 MP: 0/0
   180 | D:1      | Reached XP level 2. HP: 29/29 MP: 1/1
   319 | D:1      | Found Bibiw's Distillery.
   659 | D:2      | Found Nurasil's Assorted Antiques.
   682 | D:2      | Reached skill level 3 in Unarmed Combat
   692 | D:2      | Noticed Terence
   715 | D:1      | Reached XP level 3. HP: 27/36 MP: 2/2
   822 | D:2      | Reached skill level 4 in Unarmed Combat
   822 | D:2      | Reached XP level 4. HP: 40/44 MP: 3/3
   870 | D:2      | You fall into a shaft and drop 2 floors!
   956 | D:2      | Killed Terence
  1228 | D:2      | Found Fagriryss's Antique Weapon Shoppe.
  1277 | D:2      | Reached skill level 5 in Unarmed Combat
  1277 | D:2      | Reached XP level 5. HP: 48/50 MP: 4/4
  1919 | D:3      | Found a faded altar of an unknown god.
  1988 | D:3      | Found an opulent altar of Gozag.
  2442 | D:4      | Noticed Robin
  2525 | D:4      | Noticed an ogre
  2537 | D:4      | Killed an ogre
  2538 | D:4      | Reached skill level 6 in Unarmed Combat
  2538 | D:4      | Reached XP level 6. HP: 59/59 MP: 5/5
  2591 | D:4      | Noticed Sigmund
  2624 | D:4      | HP: 1/59 [something (7)]
  2627 | D:4      | Slain by Sigmund

Illustrated notes

Levels and vault maps discovered:
D:1:      lemuel_arrival_broad_hall, layout_loops_ring, serial_shops,
          nicolae_shop_tiny_waterfront, st_stairs_6
D:2:      minmay_general_purpose_star, layout_loops_ring, serial_shops, shop,
          nicolae_shop_real_fake_doors, grunt_ministairs_14, uniq_terence
D:3:      layout_basic, mainiacjoe_overflow_concentric_impassable,
          hellmonk_ecumenical_altar_heavens_door, grunt_decor_cap
D:4:      layout_rooms, uniq_sigmund, uniq_robin

Skill      XL: |  1  2  3  4  5 |
---------------+----------------+-----
Unarmed Combat | 3 4 5 6 |  6.4
Fighting       | |  2.5
Dodging        | |  2.5
Shields        | |  2.8

Action                     |  1- 3 |  4- 6 || total
---------------------------+-------+-------++-------
  Melee: Unarmed           |    91 |   140 ||   231
    Use: Scroll            |       |     3 ||     3
         Potion            |       |     1 ||     1
   Stab: Sleeping          |     1 |       ||     1
 Armour: Robe              |    33 |    65 ||    98
  Dodge: Dodged            |    38 |    43 ||    81
  Block: Kite shield       |    25 |    47 ||    72
